 Dungeon Crawl Stone Soup version 0.22-a0-136-g83a10e5 (webtiles) character file.

1401 mhoghedin the Conjurer (level 8, -1/44 HPs)
             Began as a Deep Elf Conjurer on Feb 3, 2018.
             Was a Believer of Yredelemnul.
             Killed by an exploding fulminant prism (23 damage)
             ... created by the player character
             ... on level 6 of the Dungeon.
             The game lasted 00:20:49 (6387 turns).

mhoghedin the Conjurer (Deep Elf Conjurer)          Turns: 6387, Time: 00:20:50

Health: -1/44      AC:  4    Str:  9    XL:     8   Next: 41%
Magic:  3/19       EV: 14    Int: 23    God:    Yredelemnul [**....]
Gold:   357        SH:  0    Dex: 15    Spells: 2/20 levels left

rFire    + . .     SeeInvis .   f - +1 dagger
rCold    x . .     Gourm    .   (no shield)
rNeg     . . .     Faith    .   a - +0 robe
rPois    .         Spirit   .   n - +1 helmet
rElec    .         Reflect  .   (no cloak)
rCorr    .         Harm     .   (no gloves)
MR       .....                  (no boots)
Stlth    ++........             (no amulet)
HPRegen  0.14/turn              o - ring of fire {rF+, rC-}
MPRegen  0.16/turn              p - +4 ring of strength

@: very slightly contaminated
A: no striking features
a: Animate Remains, Recall Undead Slaves, Injury Mirror, Renounce Religion


You were on level 6 of the Dungeon.
You worshipped Yredelemnul.
Yredelemnul was pleased with you.
You were hungry.

You visited 1 branch of the dungeon, and saw 6 of its levels.
You also visited: Sewer and Ossuary.

You collected 357 gold pieces.

Inventory:

Hand Weapons
 f - a +1 dagger (weapon)
   (You took it off a goblin on level 1 of the Dungeon)
Armour
 a - a +0 robe (worn)
 n - a +1 helmet (worn)
   (You took it off Robin on level 2 of the Dungeon)
Jewellery
 h - an uncursed ring of ice {rC+, rF-}
   (You found it on level 1 of the Dungeon)
 o - a ring of fire (left hand) {rF+, rC-}
   (You found it on level 5 of the Dungeon)
 p - a +4 ring of strength (right hand)
   (You found it on level 5 of the Dungeon)
Scrolls
 g - 2 scrolls of enchant armour
 k - a scroll of fog
 l - 2 scrolls of remove curse
 r - a scroll of amnesia
 s - a scroll of immolation {unknown}
Potions
 d - 6 potions of curing
 e - a potion of brilliance {unknown}
 i - 2 potions of might {unknown}
 j - a potion of heal wounds
 m - a potion of mutation {unknown}
 q - a potion of cancellation {unknown}
Books
 b - a book of Conjurations
Comestibles
 c - 9 rations


   Skills:
 + Level 2.1 Fighting
 + Level 4.2 Dodging
 - Level 2.4 Stealth
 - Level 6.6 Spellcasting
 - Level 6.6 Conjurations
 - Level 5.0 Hexes
 - Level 4.1 Translocations
 - Level 4.2 Invocations


You had 2 spell levels left.
You knew the following spells:

 Your Spells              Type           Power        Failure   Level  Hunger
a - Magic Dart            Conj           ####         1%          1    None
b - Searing Ray           Conj           #####.       1%          2    None
c - Dazzling Spray        Conj/Hex       ####..       2%          3    None
d - Force Lance           Conj/Tloc      ####....     9%          4    ###....
e - Fulminant Prism       Conj/Hex       ####......   7%          4    ###....
x - Iskenderun's Mystic   Conj           #####...     5%          4    ###....


Dungeon Overview and Level Annotations

Branches:
Dungeon (6/15)             Temple (0/1) D:5

Altars:
Ashenzari
Elyvilon
Gozag
Ru
Uskayaw
Xom
Yredelemnul
Zin

Shops:
D:4 *   D:5 !   D:6 (![


Message History

You hit the quokka but do no damage. The quokka barely misses you.
The quokka bites you but does no damage.
You hit the quokka.
You kill the quokka!
Yredelemnul accepts your kill.
No target in view!
No target in view!
No target in view!
No target in view!
No target in view!
No target in view!
No target in view!
No target in view!
d - 6 potions of curing (gained 2)
Found a stone staircase leading down.
Health restored: 44 A jelly comes into view.
Aim: a jelly The magic dart hits the jelly.
You now have 18/19 mp.
Aim: a jelly (moderately wounded)
The magic dart hits the jelly.
You now have 17/19 mp.
Aim: a jelly (almost dead)
The magic dart hits the jelly.
You kill the jelly!
Yredelemnul accepts your kill.
You now have 16/19 mp.
You can't see any susceptible monsters within range! (Use Z to cast anyway.) Unknown command.
A shadow imp comes into view.
The shadow imp shouts, "Abandon hope, thou yeasty ill-breeding gonus!"
The shadow imp moves out of view.
s - a scroll labeled RORAYP COUFO You regained 2 mp, and now have 18/19 mp.
A shadow imp is nearby!
Aim: a shadow imp The magic dart hits the shadow imp.
You now have 17/19 mp.
Aim: a shadow imp (severely wounded)
The magic dart hits the shadow imp.
You now have 16/19 mp.
Aim: a shadow imp (severely wounded)
The magic dart hits the shadow imp.
You kill the shadow imp!
Yredelemnul accepts your kill.
You can't see any susceptible monsters within range! (Use Z to cast anyway.) Unknown command.
Found a stone staircase leading down.
i - 2 bubbling grey potions (gained 1)
An orc comes into view. It is wielding a falchion.
MP restored: 19 An orc is nearby!
Aim: an orc, wielding a falchion (resting)
The magic dart hits the orc.
You kill the orc!
Yredelemnul accepts your kill.
You can't see any susceptible monsters within range! (Use Z to cast anyway.)
You now have 18/19 mp.
Unknown command.
You can't see any susceptible monsters within range! (Use Z to cast anyway.) Unknown command.
An orc warrior comes into view. It is wielding a glaive.
An orc warrior is nearby!
An orc warrior is nearby!
Aim: an orc warrior, wielding a glaive and wearing a plate armour The magic dart hits the orc warrior.
You now have 17/19 mp.
Okay, then.
Unknown command.
Unknown command.
Aim: an orc warrior, wielding a glaive and wearing a plate armour You miscast Iskenderun's Mystic Blast.
You are very lightly contaminated with residual magic.
Your hair stands on end.
You are feeling hungry.
You now have 13/19 mp.
Aim: an orc warrior, wielding a glaive and wearing a plate armour The orb of energy hits the orc warrior.
You hear a shout!
An orc priest comes into view. It is wielding a short sword.
You now have 9/19 mp.
Aim: an orc warrior, wielding a glaive and wearing a plate armour The orb of energy hits the orc warrior.
You now have 6/19 mp.
The orc priest invokes the aid of Beogh against you.
Beogh smites you!
You hear a shout!
You hear a loud, deep croak!
You take 9 damage, and have 35/44 hp.
MASSIVE DAMAGE!!
You conjure a prism of explosive energy!
The orc warrior hits you from afar with a glaive!
You take 14 damage, and have 21/44 hp.
MASSIVE DAMAGE!!
You now have 2/19 mp.
Your fulminant prism crackles loudly.
The blast of energy engulfs you!
Ouch! That really hurt!
You die...
Your body rises from the dead as a mindless zombie.

..#.#...#...###....#.....##
..............#.##...⌠...⌠##
#.#.#............#.........#
#.......#...#..........>...#
#.#.....#####....##.........
...[....#####...###.#..⌠..##
#.#...#.........##..##....#
#...............##.#####..#
................@...........
#...##....#..##...#####...##
#...##.#....>###........
#...##....#.####o.#####.
#.......................
............###.#.......
....#####......o...#####
###... ............# #
#.........#.#


You could see an orc warrior and an orc priest.

Vanquished Creatures
  Grinder (D:6)
  Sigmund (D:2)
  Eustachio (D:5)
  The ghost of ThereIsNoGod the Ruffian, an amateur TrMo (D:3)
  Purgy (Sewer)
  An ogre (D:5)
  A phantom (D:4)
  2 crimson imps
  A centaur zombie (Ossuary)
  A hound (D:6)
  A jelly (D:6)
  Natasha (thrice) (D:2 D:3)
  An orc wizard (D:3)
  A worker ant (D:4)
  A mummy (D:4)
  Robin (D:2)
  A river rat (D:3)
  13 adders
  2 shadow imps
  An ooze (D:1)
  An adder skeleton (D:4)
  2 worms
  2 leopard geckos
  12 orcs
  5 ball pythons
  5 giant cockroaches
  A gnoll zombie (Ossuary)
  8 hobgoblins
  3 quokkas
  8 bats
  5 frilled lizards
  10 goblins
  A goblin zombie (Ossuary)
  2 hobgoblin zombies (Ossuary)
  2 jackal zombies (Ossuary)
  3 kobolds
  3 kobold zombies
  An orc zombie (Ossuary)
  A quokka skeleton (D:5)
  2 rats (D:3)
  A rat zombie (Ossuary)
114 creatures vanquished.

Vanquished Creatures (others)
  12 fulminant prisms
12 creatures vanquished.

Grand Total: 126 creatures vanquished

Notes
Turn   | Place    | Note
-------+----------+-------------------------------------------
     0 | D:1      | mhoghedin the Deep Elf Conjurer began the quest for the Orb.
     0 | D:1      | Reached XP level 1. HP: 10/10 MP: 6/6
   244 | D:1      | Reached XP level 2. HP: 15/15 MP: 5/8
   810 | D:2      | Reached skill level 4 in Spellcasting
   817 | D:2      | Reached XP level 3. HP: 19/19 MP: 3/10
   818 | D:2      | Noticed Robin
   903 | D:2      | Reached skill level 5 in Conjurations
   985 | D:2      | Learned a level 2 spell: Searing Ray
   989 | D:2      | Learned a level 3 spell: Dazzling Spray
  1148 | D:2      | Noticed Natasha
  1164 | D:2      | Killed Natasha
  1164 | D:2      | Reached XP level 4. HP: 18/24 MP: 1/12
  1195 | D:2      | Noticed Natasha
  1203 | D:2      | Killed Natasha
  1203 | D:2      | Reached skill level 5 in Spellcasting
  1235 | D:2      | Learned a level 4 spell: Iskenderun's Mystic Blast
  1482 | D:2      | Noticed Sigmund
  1489 | D:2      | Killed Sigmund
  1489 | D:2      | Reached skill level 6 in Spellcasting
  1489 | D:2      | Reached skill level 6 in Conjurations
  1489 | D:2      | Reached XP level 5. HP: 28/28 MP: 3/15
  1489 | D:2      | Reached XP level 6. HP: 32/32 MP: 3/17
  1582 | D:2      | Learned a level 4 spell: Force Lance
  1652 | D:2      | Killed Robin
  1807 | D:2      | Learned a level 4 spell: Fulminant Prism
  1901 | D:3      | Found an opulent altar of Gozag.
  1902 | D:3      | Noticed ThereIsNoGod's ghost (amateur TrMo)
  1981 | D:3      | Found a glowing drain.
  1984 | D:3      | Reached skill level 1 in Hexes
  1994 | Sewer    | Entered a sewer
  2150 | Sewer    | Noticed Purgy
  2156 | Sewer    | Killed Purgy
  2156 | Sewer    | Reached skill level 2 in Hexes
  2156 | Sewer    | Reached skill level 2 in Translocations
  2250 | D:3      | HP: 14/72 [ThereIsNoGod's ghost (5)]
  2253 | D:3      | Killed ThereIsNoGod's ghost
  2253 | D:3      | Reached skill level 3 in Hexes
  2253 | D:3      | Reached XP level 7. HP: 17/36 MP: 2/18
  2605 | D:3      | Noticed Natasha
  2613 | D:3      | Killed Natasha
  2613 | D:3      | Reached skill level 3 in Translocations
  2851 | D:3      | Found a faded altar of an unknown god.
  2893 | D:3      | Became a worshipper of Yredelemnul the Dark
  2893 | D:3      | Reached * piety under Yredelemnul
  3226 | D:4      | Found Udweux's Assorted Antiques.
  3297 | D:4      | Found a sand-covered staircase.
  3301 | D:4      | Reached skill level 4 in Hexes
  3329 | Ossuary  | Entered an ossuary
  3782 | D:4      | Found a shattered altar of Ashenzari.
  3913 | D:4      | Reached skill level 4 in Translocations
  4360 | D:4      | Reached skill level 5 in Hexes
  4514 | D:4      | Found a sacrificial altar of Ru.
  4865 | D:5      | Entered Level 5 of the Dungeon
  4868 | D:5      | Found Ruej's Distillery.
  4889 | D:5      | Reached ** piety under Yredelemnul
  5010 | D:5      | Reached skill level 1 in Invocations
  5050 | D:5      | Noticed Eustachio
  5058 | D:5      | Killed Eustachio
  5058 | D:5      | Reached skill level 3 in Invocations
  5058 | D:5      | Reached XP level 8. HP: 41/41 MP: 1/19
  5229 | D:5      | Found a staircase to the Ecumenical Temple.
  5238 | D:5      | Reached skill level 4 in Invocations
  5564 | D:5      | Found a glowing silver altar of Zin.
  5566 | D:5      | Found an opulent altar of Gozag.
  5566 | D:5      | Found a basalt altar of Yredelemnul.
  5568 | D:5      | Found a hide-covered altar of Uskayaw.
  5568 | D:5      | Found a shimmering altar of Xom.
  5568 | D:5      | Found a white marble altar of Elyvilon.
  5979 | D:6      | Found Buor's Distillery.
  5987 | D:6      | Found Otzoi's Antique Armour Shop.
  5988 | D:6      | Reached skill level 3 in Dodging
  6012 | D:6      | Found Poetrih's Weapon Shoppe.
  6061 | D:6      | Noticed Grinder
  6083 | D:6      | Killed Grinder
  6083 | D:6      | Reached skill level 2 in Fighting
  6083 | D:6      | Reached skill level 4 in Dodging
  6387 | D:6      | Killed by an exploding fulminant prism

Vault maps used:
D:1:      saegor_arrival_under_anarchy, serial_bayou_pond_a, minmay_hedge_maze
D:2:      uniq_robin, uniq_sigmund, uniq_natasha
D:3:      chequers_ecumenical_altar_simple_redux, first_ration,
          portal_sewer_entry_b, nicolae_gozag_seed_capital
D:4:      evilmike_ruin_ashenzari, serial_shops, shop,
          nicolae_ossuary_entry_giza, chequers_big_river,
          nicolae_ru_the_path_less_chosen
D:5:      minmay_temple_entry_junction, serial_shops, shop, doesnt_xom_only_xom,
          uniq_eustachio
D:6:      overflow_temple_1_default, serial_shops, shop_fountains, shop, shop,
          kennysheep_mini, nicolae_shop_stone, hex_tiny, grunt_ministairs_1,
          uniq_grinder, uniq_crazy_yiuf_cottage, uniq_edmund
Sewer:    sewer_big_baddie
Ossuary:  minmay_ossuary_two_tombs

Skill      XL: |  1  2  3  4  5  6  7  8 |
---------------+-------------------------+-----
Spellcasting   | 4 6 |  6.6
Conjurations   | 5 6 |  6.6
Hexes          | 3 5 |  5.0
Translocations | 2 4 |  4.1
Invocations    | 3 4 |  4.2
Dodging        | 4 |  4.2
Fighting       | 2 |  2.1
Stealth        | |  2.4

Action                   |  1- 3 |  4- 6 |  7- 9 || total
-------------------------+-------+-------+-------++-------
Melee: Dagger            |       |    59 |    82 ||   141
 Cast: Magic Dart        |    47 |    52 |    74 ||   173
       Searing Ray       |     2 |     3 |     7 ||    12
       Dazzling Spray    |       |     7 |       ||     7
       Iskenderun's Myst |       |     4 |     3 ||     7
       Fulminant Prism   |       |     3 |    10 ||    13
       Force Lance       |       |       |    12 ||    12
  Use: Potion            |       |     5 |     1 ||     6
       Scroll            |       |     4 |     7 ||    11
 Stab: Invisible         |       |     1 |       ||     1
       Sleeping          |       |       |     2 ||     2
  Eat: Chunk             |     1 |     4 |     5 ||    10
       Ration            |       |       |     3 ||     3
Armor: Robe              |     2 |    24 |    25 ||    51
       Skin              |       |    34 |       ||    34
Dodge: Dodged            |     5 |    74 |    72 ||   151

Table legend:
 A = Spawn XP
 B = Non-spawn XP
 C = Spawn XP percentage of total XP
 D = Spawn monster count
 E = Non-spawn monster count
 F = Spawn count percentage of total count
 G = Total turns spent on level
                    A         B        C        D         E        F      G
               +---------+---------+-------+---------+---------+-------+---------
         Total |       0 |    2002 |   0.0 |       0 |     114 |   0.0 |  6387
               +---------+---------+-------+---------+---------+-------+---------
           D:1 |       0 |      22 |   0.0 |       0 |      12 |   0.0 |   764
           D:2 |       0 |     432 |   0.0 |       0 |      34 |   0.0 |  1060
           D:3 |       0 |     296 |   0.0 |       0 |      19 |   0.0 |  1189
           D:4 |       0 |     208 |   0.0 |       0 |      10 |   0.0 |  1406
           D:5 |       0 |     415 |   0.0 |       0 |      14 |   0.0 |   939
           D:6 |       0 |     435 |   0.0 |       0 |       9 |   0.0 |   583
         Sewer |       0 |     138 |   0.0 |       0 |       6 |   0.0 |   213
       Ossuary |       0 |      56 |   0.0 |       0 |      10 |   0.0 |   233
               +---------+---------+-------+---------+---------+-------+---------

Vault maps used:
D:1:      saegor_arrival_under_anarchy, serial_bayou_pond_a, minmay_hedge_maze
D:2:      uniq_robin, uniq_sigmund, uniq_natasha
D:3:      chequers_ecumenical_altar_simple_redux, first_ration,
          portal_sewer_entry_b, nicolae_gozag_seed_capital
D:4:      evilmike_ruin_ashenzari, serial_shops, shop,
          nicolae_ossuary_entry_giza, chequers_big_river,
          nicolae_ru_the_path_less_chosen
D:5:      minmay_temple_entry_junction, serial_shops, shop, doesnt_xom_only_xom,
          uniq_eustachio
D:6:      overflow_temple_1_default, serial_shops, shop_fountains, shop, shop,
          kennysheep_mini, nicolae_shop_stone, hex_tiny, grunt_ministairs_1,
          uniq_grinder, uniq_crazy_yiuf_cottage, uniq_edmund
Sewer:    sewer_big_baddie
Ossuary:  minmay_ossuary_two_tombs

Table legend:
 A = Turns spent in this place as a percentage of turns spent in the entire game.
 B = Non-inter-level travel turns spent in this place as a percentage of non-inter-level travel turns spent in the entire game.
 C = Inter-level travel turns spent in this place as a percentage of turns spent in this place.
 D = Turns resting spent in this place as a percentage of non-inter-level travel turns spent in this place.
 E = Turns spent auto-exploring this place as a percentage of non-inter-level travel turns spent in this place.
 F = Non-inter-level travel turns spent in this place divided by the number of levels of this place that you've seen.
                   A       B       C       D       E      F
               +-------+-------+-------+-------+-------+----------------------
         Total | 100.0 | 100.0 |   1.5 |  33.9 |  50.1 | 786.5
       Dungeon |  93.0 |  92.9 |   1.6 |  31.7 |  52.9 | 974.3
         Sewer |   3.3 |   3.4 |   0.0 |  53.1 |  25.8 | 213.0
       Ossuary |   3.6 |   3.7 |   0.0 |  72.5 |   2.1 | 233.0
               +-------+-------+-------+-------+-------+----------------------

Table legend:
 A = Kills in this place as a percentage of kills in entire the game.
 B = Kills by you in this place as a percentage of kills by you in the entire game.
 C = Kills by friends in this place as a percentage of kills by friends in the entire game.
 D = Other kills in this place as a percentage of other kills in the entire game.
 E = Experience gained in this place as a percentage of experience gained in the entire game.
 F = Experience gained in this place divided by the number of levels of this place that you have seen.
                   A       B       C       D       E      F
               +-------+-------+-------+-------+-------+----------------------
         Total | 100.0 | 100.0 |   N/A |   N/A | 100.0 | 250.2
       Dungeon |  86.0 |  86.0 |   N/A |   N/A |  90.3 | 301.3
         Sewer |   5.3 |   5.3 |   N/A |   N/A |   6.9 | 138.0
       Ossuary |   8.8 |   8.8 |   N/A |   N/A |   2.8 |  56.0
               +-------+-------+-------+-------+-------+----------------------
